 Dungeon Crawl Stone Soup version 0.30-a0-458-g86641cc369 (webtiles) character file.

Game seed: 16733179855223215777

408984 arthad the Slayer (level 22, -5/222 HPs)
             Began as a Minotaur Fighter on Dec 14, 2022.
             Was a High Priest of Okawaru.
             Slain by a titan (31 damage)
             ... on level 2 of the Depths.
             The game lasted 01:53:25 (38575 turns).

arthad the Slayer (Minotaur Fighter)               Turns: 38575, Time: 01:53:25

Health: -5/222     AC: 41    Str: 40    XL:     22   Next: 11%
Magic:  40/40      EV: 12    Int: 11    God:    Okawaru [*****.]
Gold:   5455       SH: 25    Dex: 12    Spells: 21/21 levels left

rFire   + + +      SeeInvis .    a - +5 broad axe (freeze)
rCold   + + .      Faith    .    f - +1 tower shield {AC+3}
rNeg    . . .      Spirit   .    c - +8 gold dragon scales
rPois   +          Reflect  +    (helmet restricted)
rElec   .          Harm     .    A - scarf {repulsion}
rCorr   +          Rampage  .    S - +1 pair of gloves of Quff {rC+ Str+5}
Will    ++...                    Q - +2 pair of boots "Iblury" {rPois MP+9 Str+5 Dex-4}
Stlth   ..........               O - amulet "Reidootz" {Reflect *Slow Will+ rCorr Dex+4 SH+5}
HPRegen 0.57/turn                r - +4 ring of slaying
MPRegen 0.27/turn                l - ring "Yfob" {rF+ Int+6 Slay+4}

@: repel missiles, very slow
A: horns 2, retaliatory headbutt, iridescent scales 1, fire resistance 1
}: 3/15 runes: decaying, serpentine, silver
a: Renounce Religion, Heroism, Finesse, Duel


You were on level 2 of the Depths.
You worshipped Okawaru.
Okawaru was extremely pleased with you.
You visited 8 branches of the dungeon, and saw 38 of its levels.
You visited the Abyss 2 times.
You also visited: Bailey.

You collected 8092 gold pieces.
You spent 2637 gold pieces at shops.

Inventory:

Hand Weapons
 a - a +5 broad axe of freezing (weapon)
 b - a +0 broad axe of flaming
 u - the +4 executioner's axe "Hellblazer" {vorpal, rElec rPois Str+3 Dex-2}
   (Okawaru gifted it to you on level 5 of the Vaults)

   It inflicts extra damage upon your enemies.
   Str:       It affects your strength (+3).
   Dex:       It affects your dexterity (-2).
   rElec:     It insulates you from electricity.
   rPois:     It protects you from poison.
 y - the +12 long sword "Xom's Entertainment" {freeze, rF+++ rC- MP+9 Dex+4}
   (Okawaru gifted it to you on level 13 of the Dungeon)

   It freezes those it strikes, dealing additional cold damage.
   It can also slow down cold-blooded creatures.
   Dex:       It affects your dexterity (+4).
   rF:        It renders you almost immune to fire.
   rC:        It makes you vulnerable to cold.
   MP:        It affects your magic capacity (+9).
Missiles
 i - 3 throwing nets
 m - 35 poisoned darts (quivered)
 H - 5 boomerangs of dispersal
 M - 23 curare-tipped darts
 W - 18 atropa-tipped darts
Armour
 c - +8 gold dragon scales (worn)
 f - a +1 tower shield of protection (worn)
 A - a scarf of repulsion (worn)
 Q - the +2 pair of boots "Iblury" (worn) {rPois MP+9 Str+5 Dex-4}
   (Okawaru gifted it to you on level 5 of the Lair of Beasts)

   Str:       It affects your strength (+5).
   Dex:       It affects your dexterity (-4).
   rPois:     It protects you from poison.
   MP:        It affects your magic capacity (+9).
 R - a +2 kite shield of cold resistance
 S - the +1 pair of gloves of Quff (worn) {rC+ Str+5}
   (Okawaru gifted it to you on level 5 of the Vaults)

   Str:       It affects your strength (+5).
   rC:        It protects you from cold.
Jewellery
 l - the ring "Yfob" (right hand) {rF+ Int+6 Slay+4}
   (You found it on level 3 of the Snake Pit)

   [ring of intelligence]

   Int:       It affects your intelligence (+6).
   Slay:      It affects your accuracy & damage with ranged weapons and melee
   (+4).
   rF:        It protects you from fire.
 r - a +4 ring of slaying (left hand)
 O - the amulet "Reidootz" (around neck) {Reflect *Slow Will+ rCorr Dex+4 SH+5}
   (You acquired it on level 1 of the Snake Pit)

   [amulet of reflection]

   It reflects blocked missile attacks.
   Dex:       It affects your dexterity (+4).
   rCorr:     It protects you from acid and corrosion.
   *Slow:     It may slow you when you take damage.
   SH:        It affects your SH (+5).
   Will:      It increases your willpower.
 U - the ring of Raqit {rElec rF- rN+ rCorr Dex+6}
   (You found it on level 5 of the Vaults)

   [ring of dexterity]

   Dex:       It affects your dexterity (+6).
   rF:        It makes you vulnerable to fire.
   rElec:     It insulates you from electricity.
   rN:        It protects you from negative energy.
   rCorr:     It protects you from acid and corrosion.
 V - an amulet of regeneration
Wands
 x - a wand of flame (60)
 z - a wand of acid (14)
 K - a wand of mindburst (22)
 L - a wand of roots (38)
 T - a wand of digging (8)
Scrolls
 e - 4 scrolls of magic mapping
 h - 7 scrolls of immolation
 j - a scroll of brand weapon
 v - a scroll of silence
 w - 2 scrolls of vulnerability
 C - 11 scrolls of teleportation
 D - 5 scrolls of fog
 F - 2 scrolls of blinking
 G - a scroll of torment
 J - 8 scrolls of fear
 X - 3 scrolls of poison
 Z - 25 scrolls of identify
Potions
 d - 4 potions of might
 g - 7 potions of lignification
 k - 21 potions of curing
 n - 11 potions of mutation
 o - 7 potions of haste
 q - 2 potions of attraction
 s - 7 potions of berserk rage
 t - 9 potions of flight
 B - 2 potions of resistance
 I - 5 potions of brilliance
 N - 5 potions of heal wounds
 P - 6 potions of magic
 Y - 4 potions of cancellation
Miscellaneous
 p - a phial of floods
 E - a tin of tremorstones (2/2)


   Skills:
 * Level 23.8 Fighting
 * Level 23.5 Axes
 + Level 3.5 Throwing
 + Level 17.3 Armour
 + Level 15.7 Dodging
 + Level 7.2 Stealth
 + Level 17.5 Shields
 + Level 13.6 Invocations
 + Level 7.4 Evocations


You had 21 spell levels left.
You didn't know any spells.
Your spell library contained the following spells:

 Spells                   Type           Power      Damage    Failure   Level
 Foxfire                  Conj/Fire      0%         2x1d4     100%        1
 Necrotise                Necr           0%         1d4       100%        1
 Blink                    Tloc           0%         N/A       100%        2
 Cigotuvi's Dreadful Rot  Necr/Pois/Air  0%         N/A       100%        2
 Ensorcelled Hibernation  Hex/Ice        0%         N/A       100%        2
 Momentum Strike          Conj/Tloc      0%         3d8       100%        2
 Passwall                 Tmut/Erth      0%         N/A       100%        2
 Static Discharge         Conj/Air       0%         2-2/arc   100%        2
 Gell's Gravitas          Tloc           0%         N/A       100%        3
 Ignite Poison            Fire/Tmut/Pois 0%         N/A       100%        3
 Lesser Beckoning         Tloc           0%         N/A       100%        3
 Ozocubu's Armour         Ice            0%         N/A       100%        3
 Spider Form              Tmut/Pois      0%         N/A       100%        3
 Swiftness                Air            0%         N/A       100%        3
 Teleport Other           Tloc           0%         N/A       100%        3
 Vampiric Draining        Necr           0%         2d6       100%        3
 Vhi's Electric Charge    Tloc/Air       0%         N/A       100%        3
 Anguish                  Hex/Necr       0%         N/A       100%        4
 Leda's Liquefaction      Hex/Erth       0%         N/A       100%        4
 Manifold Assault         Tloc           0%         N/A       100%        4
 Alistair's Intoxication  Tmut/Pois      0%         N/A       100%        5
 Arcjolt                  Conj/Air       0%         1d10      100%        5
 Borgnjor's Vile Clutch   Necr/Erth      0%         N/A       100%        5
 Fireball                 Conj/Fire      0%         3d3       100%        5
 Freezing Cloud           Conj/Ice/Air   0%         6-21      100%        5
 Lee's Rapid Deconstruct  Erth           0%         3d4*      100%        5
 Lightning Bolt           Conj/Air       0%         1d11      100%        5
 Silence                  Hex/Air        0%         N/A       100%        5
 Dispersal                Tloc           0%         N/A       100%        6
 Eringya's Noxious Bog    Tmut/Pois      0%         N/A       100%        6
 Starburst                Conj/Fire      0%         6d3       100%        6
 Statue Form              Tmut/Erth      0%         N/A       100%        6
 Orb of Destruction       Conj           0%         9d5       100%        7
 Storm Form               Tmut/Air       0%         N/A       100%        7
 Disjunction              Tloc           0%         N/A       100%        8
 Maxwell's Capacitive Co  Air            0%         ∞         100%        8
 Chain Lightning          Conj/Air       0%         N/A       100%        9
 Polar Vortex             Ice            0%         N/A       100%        9
 Summon Guardian Golem    Hex/Summ       Unusable   N/A       N/A         3
 Summon Ice Beast         Ice/Summ       Unusable   N/A       N/A         4
 Summon Lightning Spire   Summ/Air       Unusable   N/A       N/A         4
 Death Channel            Necr           Unusable   N/A       N/A         6
 Simulacrum               Ice/Necr       Unusable   N/A       N/A         6
 Malign Gateway           Summ/Tloc      Unusable   N/A       N/A         7
 Spellforged Servitor     Conj/Summ      Unusable   N/A       N/A         7
 Summon Hydra             Summ           Unusable   N/A       N/A         7
 Infestation              Necr           Unusable   N/A       N/A         8
 Summon Horrible Things   Summ           Unusable   N/A       N/A         8

Dungeon Overview and Level Annotations

Branches:
Dungeon (15/15)            Temple (1/1) D:7            Lair (5/5) D:11
  Swamp (4/4) Lair:2        Snake (4/4) Lair:2        Slime (0/5) Lair:5
    Orc (2/2) D:12            Elf (0/3) Orc:2        Vaults (5/5) D:13
  Crypt (0/3) Vaults:2     Depths (2/4) D:15         Bailey (visited)

Altars:
Ashenzari
Cheibriados
Dithmenos
Elyvilon
Fedhas
Gozag
Hepliaklqana
Kikubaaqudgha
Makhleb
Nemelex Xobeh
Okawaru
Qazlal
Ru
Sif Muna
Trog
Uskayaw
Vehumet
Wu Jian
Xom
Yredelemnul
Zin
The Shining One

Shops:
D:8 !   D:15 [   Orc:2 (=*(   Snake:1 ?[?!   Vaults:3 (   Vaults:4 [(=*(
Depths:2 *(

Portals:
Hell: Lair:5 Depths:1 Depths:2
Abyss: Depths:1
Pandemonium: Depths:1 Depths:2
Trove: D:10 (lose all piety)

Annotations:
D:14 4 transporters


Innate Abilities, Weirdness & Mutations

You have a pair of horns on your head.
You reflexively headbutt those who attack you in melee.
You are partially covered in iridescent scales. (AC +2)
Your flesh is heat resistant. (rF+)


Message History

The bolt of cold hits you. You resist.
* * * LOW HITPOINT WARNING * * *
You slice the frost giant!! You freeze the frost giant.
The frost giant is heavily wounded.
You block the frost giant's attack.
You slice the frost giant!! You freeze the frost giant.
You headbutt the frost giant!
The frost giant is almost dead.
The spectator cheers noisily.
You slash the frost giant!
You kill the frost giant!
Okawaru accepts your kill. Okawaru crowns you victorious!
An exit appears.
Z - 25 scrolls of identify (gained 1)
You now have 5455 gold pieces (gained 153).
Things that are here:
a +4 battleaxe of freezing; a frost giant corpse
There is a gate leading back out of this place here.
You start resting.
Okawaru bids you farewell from the Arena.
Welcome back to the Depths!
Splash!
You fall into the shallow water.
Moving in this stuff is going to be slow.
The spark wasp stings you but does no damage.
You block the titan's attack.
Unknown command.
Your unstable footing causes you to fumble your attack.
You block the spark wasp's attack. The titan hits you!
* * * LOW HITPOINT WARNING * * *
You block the spark wasp's attack.
Your unstable footing causes you to fumble your attack.
You block the spark wasp's attack. The titan hits you!!
* * * LOW HITPOINT WARNING * * *
Your unstable footing causes you to fumble your attack.
The spark wasp barely misses you.
You slash the spark wasp! You freeze the spark wasp.
The spark wasp is severely wounded.
You hit the titan but do no damage. The titan hits you!!
You die...

#≈~♣~♣~~P# ~~#
##≈~~#~~~~# ~~#
#⌠≈~♣~♣~8###~~#♣
#≈≈~~~~~~''~~~~~
#8≈~~⌠~~~'C~~~~~
#≈≈~~~~~~'§~~C~~
#⌠§~♣~~~8###~~#♣
##≈~~#~~[C# #≈~♣~~~~@#
#≈~~#~♣y~## #
#≈≈~♣~#~~~# #
##≈~~♣~♣~~## #
#≈~~~#~~P~# #~
#≈≈~~~~#################
##≈≈~~~'~#8~#.~#8~~♣.♣.♣
##≈≈≈~'~~~~~~~~~~~.....
###⌠♣#♣~#8~#8~#8~.♣.♣.


You could see a titan and a spark wasp.

Vanquished Creatures
  2 dread liches (Vaults:5)
  Mara (Arena)
  Mennas (Vaults:2)
  Josephina (Depths:2)
  the Lernaean hydra (Swamp:4)
  Saint Roka (Depths:2)
  Frederick (Vaults:2)
  Bai Suzhen (Snake:3)
  3 golden dragons
  A bone dragon (Abyss:2)
  3 titans
  4 tentacled monstrosities
  A lich (Vaults:5)
  2 quicksilver dragons
  Asterion (Depths:2)
  2 tentacled starspawn
  3 sphinxes
  3 shadow dragons (Vaults:5)
  7 tengu reavers
  3 thorn hunters
  A fenstrider witch (Swamp:2)
  An emperor scorpion (D:15)
  5 storm dragons
  8 nagarajas
  Donald (Arena)
  4 fire giants
  Aizul (Snake:3)
  An iron dragon (Vaults:5)
  A balrug (Abyss:3)
  Louise (Swamp:2)
  A deep elf sorcerer (Vaults:5)
  5 frost giants
  14 vault wardens
  2 orc warlords
  13 ironbound preservers
  16 very ugly things
  5 war gargoyles
  4 ironbound thunderhulks
  A stone giant (shapeshifter) (Vaults:4)
  7 eleionomae
  7 starcursed masses (Abyss:3)
  An elemental wellspring (Depths:2)
  12 stone giants
  Nessos (Orc:2)
  3 vampire knights
  2 deep elf demonologists (Vaults:5)
  Azrael (D:12)
  8 dire elephants
  A spark wasp (Depths:2)
  4 bunyips
  14 ettins
  A deep elf death mage (Vaults:5)
  2 eidola
  A merfolk javelineer (Depths:2)
  8 fire dragons
  3 jiangshi (Depths:1)
  A green death (Depths:2)
  3 deep elf high priests
  A merfolk impaler (Depths:2)
  10 yaktaur captains
  A shambling mangrove (Swamp:4)
  36 vault guards
  An ogre mage (Vaults:5)
  Harold (D:10)
  3 rakshasas
  A peacekeeper (Vaults:3)
  3 great orbs of eyes
  A hell beast (Lair:5)
  25 hydras
  12 anacondas
  Fannar (Orc:1)
  2 salamander tyrants (Snake:4)
  5 spriggan air magi (Depths:2)
  2 ice dragons
  A catoblepas (Lair:5)
  A centaur warrior (D:13)
  A ghost crab (Swamp:4)
  3 death knights
  4 boulder beetles
  7 alligators
  6 ironbound frosthearts
  2 deep troll earth magi
  4 death yaks
  25 naga warriors
  5 two-headed ogres
  7 shock serpents
  3 tengu warriors
  7 spriggan berserkers
  The ghost of Dordric the Covert, a journeyman KoHu of Fedhas (D:11)
  Urug (Lair:1)
  4 large abominations
  12 naga sharpshooters
  2 vampire magi
  3 thrashing horrors
  Sonja (D:13)
  A soul eater (Depths:2)
  A salamander mystic (Snake:4)
  A sun demon (Abyss:3)
  A spark wasp zombie (Depths:1)
  A wretched star (Abyss:3)
  6 spriggans
  2 goliath frogs
  A skeletal warrior (D:11)
  A spatial maelstrom (Abyss:2)
  A shadow demon (Depths:1)
  An iron troll (Depths:2)
  An orange crystal statue (Depths:2)
  12 naga ritualists
  18 ironbound convokers
  2 tengu zombies
  4 bog bodies
  4 spriggan druids
  4 wizards
  9 swamp dragons
  5 lindwurms
  34 deep trolls
  2 flayed ghosts (Depths:2)
  6 orc knights
  4 phantasmal warriors
  5 necromancers
  4 harpies (Vaults:3)
  11 mana vipers
  A deep elf pyromancer (D:12)
  A wolf spider (Vaults:4)
  A deep elf zephyrmancer (Bailey)
  10 orc sorcerers
  6 will-o-the-wisps
  27 ugly things
  5 cyclopes
  A salamander (shapeshifter) (D:13)
  3 manticores
  A centaur zombie (Abyss:3)
  23 vault sentinels
  7 guardian serpents
  3 rust devils
  23 elephants
  A titan simulacrum (Depths:1)
  43 black mambas
  16 salamanders
  2 orange demons (Lair:5)
  4 smoke demons (Abyss:3)
  12 cane toads
  20 naga magi
  7 komodo dragons
  4 rime drakes
  An unseen horror (D:13)
  2 kobold demonologists
  A yaktaur (shapeshifter) (D:15)
  An efreet (Abyss:3)
  3 freezing wraiths (Vaults:5)
  A human skeleton (Vaults:3)
  2 komodo dragons (shapeshifter)
  5 ice devils
  2 ancient zymes
  15 yaktaurs
  2 guardian mummies (D:10)
  A spriggan skeleton (Depths:1)
  3 trolls
  2 hellwings
  6 tengu conjurers
  A polar bear (Lair:4)
  2 red devils
  7 tyrant leeches
  8 hornets
  Prince Ribbit (D:8)
  A sphinx simulacrum (Depths:2)
  27 slime creatures
  33 blink frogs
  10 raiju
  2 frost giant simulacra
  An ettin zombie (Abyss:3)
  A water elemental (D:14)
  2 vampires
  5 wraiths
  5 shadows
  3 small abominations
  4 fire bats (D:13)
  51 yaks
  5 wyverns
  4 basilisks
  2 ynoxinuls (Abyss:2)
  Grum (D:9)
  4 steam dragons
  9 vampire mosquitoes
  A chaos spawn (Depths:2)
  2 fire elementals (D:12)
  A redback (shapeshifter) (Abyss:2)
  A neqoxec (Depths:2)
  14 swamp worms
  56 nagas
  9 wargs
  5 acid dragons
  A harpy simulacrum (Abyss:3)
  3 human zombies (Vaults:3)
  6 hell hounds
  A glowing shapeshifter skeleton (Depths:1)
  6 swamp drakes
  7 water moccasins
  A floating eye (Depths:2)
  A sky beast (D:7)
  21 orc warriors
  4 black bears
  An ice beast (D:7)
  13 wolves
  2 ogres
  A centaur (D:9)
  2 phantoms
  6 kobold brigands
  10 bullfrogs
  2 necrophages (D:6)
  2 human simulacra
  A scorpion (D:5)
  6 wights (D:9)
  2 troll zombies (D:12)
  6 killer bees (D:8)
  5 howler monkeys
  An electric eel (Orc:1)
  3 lava snakes
  3 hounds
  7 jellies
  11 orc priests
  Crazy Yiuf (D:4)
  An iron imp (Abyss:2)
  Ijyb (D:3)
  5 iguanas
  45 orc wizards
  7 hell rats (Lair:2)
  6 ogre zombies (D:12)
  Robin (D:3)
  3 gnolls (D:8)
  9 adders
  A shadow imp (D:7)
  2 white imps
  4 ufetubi
  2 dart slugs (D:4)
  79 orcs
  10 endoplasms
  A giant cockroach (D:4)
  8 goblins
  12 hobgoblins
  3 jackals (D:4)
  5 quokkas
  5 ball pythons
  6 bats
  4 frilled lizards
  5 goblin zombies (D:12)
  2 hobgoblin skeletons (D:12)
  4 hobgoblin zombies (D:12)
  24 kobolds
  3 orc skeletons (D:12)
  10 orc zombies (D:12)
  8 rats
  6 briar patches (Swamp:2)
  A fire vortex (D:13)
  A fungus (Lair:4)
  2 starspawn tentacles (Abyss:2)
1522 creatures vanquished.

Vanquished Creatures (others)
  A vampire knight (Depths:2)
  A hydra (D:15)
  2 ogre magi (D:15)
  2 centaur warriors (D:15)
  A deep elf pyromancer (D:15)
  An ugly thing (D:15)
  A spark wasp simulacrum (Depths:2)
  A bloated husk (Swamp:2)
  A blink frog (shapeshifter) (D:15)
  A slime creature (D:15)
  A swamp worm (Swamp:4)
  A boggart simulacrum (D:15)
  An orc (Orc:2)
  A fire vortex (D:13)
  16 foxfires
  22 fungi
  12 plants
  2 starspawn tentacles (Abyss:3)
68 creatures vanquished.

Grand Total: 1590 creatures vanquished

Notes
Turn   | Place    | Note
-------+----------+-------------------------------------------
     0 | D:1      | arthad the Minotaur Fighter began the quest for the Orb.
     0 | D:1      | Reached XP level 1. HP: 19/19 MP: 0/0
   179 | D:1      | Found a faded altar of an unknown god.
   788 | D:1      | Reached XP level 2. HP: 27/27 MP: 1/1
  1039 | D:2      | Reached XP level 3. HP: 30/33 MP: 2/2
  1041 | D:2      | Reached skill level 1 in Dodging
  1357 | D:3      | Noticed a kobold brigand
  1370 | D:3      | Killed a kobold brigand
  1371 | D:3      | Reached XP level 4. HP: 26/41 MP: 3/3
  1487 | D:3      | Noticed Robin
  1507 | D:3      | Killed Robin
  1668 | D:3      | Reached XP level 5. HP: 47/47 MP: 4/4
  1692 | D:3      | Noticed Ijyb
  1695 | D:3      | Gained mutation: Your flesh is heat resistant. (rF+)
                  | [potion of mutation]
  1695 | D:3      | Gained mutation: You are partially covered in iridescent
                  | scales. (AC +2) [potion of mutation]
  1712 | D:3      | Killed Ijyb
  1740 | D:3      | Reached skill level 5 in Fighting
  1747 | D:3      | Got the Papyrus of Turbulent Ice
  1845 | D:3      | You fall into a shaft and drop 1 floor!
  2021 | D:3      | Identified the +5 ring mail of Napnoji {Harm Rampage rC-
                  | Regen+}
  2311 | D:4      | Reached XP level 6. HP: 56/56 MP: 5/5
  2504 | D:4      | Found a runed translucent door.
  2505 | D:4      | Noticed Crazy Yiuf
  2641 | D:4      | Reached skill level 5 in Axes
  2734 | D:4      | Found a sacrificial altar of Ru.
  2837 | D:4      | Killed Crazy Yiuf
  2879 | D:5      | Entered Level 5 of the Dungeon
  2880 | D:5      | Noticed a water moccasin
  2882 | D:5      | Killed a water moccasin
  2883 | D:5      | Reached skill level 5 in Shields
  2883 | D:5      | Reached XP level 7. HP: 63/63 MP: 6/6
  2887 | D:5      | Reached skill level 5 in Armour
  3537 | D:5      | Reached XP level 8. HP: 71/71 MP: 7/7
  4830 | D:7      | Found a staircase to the Ecumenical Temple.
  4876 | D:7      | Reached XP level 9. HP: 82/82 MP: 8/8
  4880 | Temple   | Entered the Ecumenical Temple
  4927 | Temple   | Became a worshipper of Warmaster Okawaru
  5243 | D:7      | Reached skill level 5 in Dodging
  5538 | D:8      | Found Kyhapt's Distillery.
  5579 | D:8      | Found a flagged portal.
  5589 | Bailey   | Entered a bailey
  5625 | Bailey   | Reached * piety under Okawaru
  5645 | Bailey   | Found a large runed translucent door.
  5645 | Bailey   | Found a large runed translucent door.
  5647 | Bailey   | Noticed a deep elf zephyrmancer
  5649 | Bailey   | Noticed an orc knight
  5670 | Bailey   | Killed an orc knight
  5670 | Bailey   | Reached ** piety under Okawaru
  5831 | Bailey   | Killed a deep elf zephyrmancer
  5832 | Bailey   | Reached skill level 10 in Fighting
  5832 | Bailey   | Reached XP level 10. HP: 92/93 MP: 7/9
  6073 | D:8      | Noticed Prince Ribbit
  6088 | D:8      | Killed Prince Ribbit
  6089 | D:8      | Reached skill level 1 in Invocations
  6379 | D:8      | Noticed a two-headed ogre
  6385 | D:8      | Killed a two-headed ogre
  6385 | D:8      | Reached *** piety under Okawaru
  6386 | D:8      | Reached skill level 10 in Axes
  6890 | D:9      | Noticed Grum
  7104 | D:9      | Found a burning altar of Makhleb.
  7264 | D:9      | Reached **** piety under Okawaru
  7298 | D:9      | Killed Grum
  7390 | D:9      | Found a glowing silver altar of Zin.
  7516 | D:10     | Entered Level 10 of the Dungeon
  7525 | D:10     | Reached XP level 11. HP: 89/102 MP: 12/12
  7551 | D:10     | Noticed Harold
  7564 | D:10     | Killed Harold
  7564 | D:10     | Reached ***** piety under Okawaru
  7906 | D:10     | Found a portal to a secret trove of treasure.
  8511 | D:11     | Noticed Dordric's ghost (journeyman KoHu)
  8521 | D:11     | Found a runed translucent door.
  8522 | D:11     | Noticed a two-headed ogre
  8529 | D:11     | Killed a two-headed ogre
  8559 | D:11     | Noticed a boulder beetle
  8580 | D:11     | Killed a boulder beetle
  8642 | D:11     | Noticed a boulder beetle
  8647 | D:11     | Noticed a soul eater
  8658 | D:11     | Killed a boulder beetle
  8916 | D:11     | Noticed a phantasmal warrior
  8918 | D:11     | Noticed a skeletal warrior
  8924 | D:11     | Killed a phantasmal warrior
  8924 | D:11     | Reached ****** piety under Okawaru
  8931 | D:11     | Identified the +4 pair of gloves of Inaction {Int+7}
                  | (Okawaru gifted it to you on level 11 of the Dungeon)
  8931 | D:11     | Received a gift from Okawaru
  8937 | D:11     | Killed a skeletal warrior
  8938 | D:11     | Reached XP level 12. HP: 113/113 MP: 14/14
  8952 | D:11     | Noticed a death knight
  8972 | D:11     | Killed a death knight
  9078 | D:11     | Found a burning altar of Makhleb.
  9079 | D:11     | Noticed a cacodemon
  9130 | D:11     | Noticed a death yak
  9139 | D:11     | Killed a death yak
  9140 | D:11     | Found a staircase to the Lair.
  9140 | D:11     | Noticed a death yak
  9141 | D:11     | Noticed a death yak
  9146 | D:11     | Killed a death yak
  9156 | D:11     | Killed a death yak
  9157 | D:11     | Reached skill level 5 in Invocations
  9743 | D:11     | Killed Dordric's ghost
 10108 | D:12     | Found a staircase to the Orcish Mines.
 10109 | D:12     | Noticed Azrael
 10113 | D:12     | Reached skill level 10 in Armour
 10113 | D:12     | Reached skill level 10 in Shields
 10128 | D:12     | Killed Azrael
 10248 | D:12     | Noticed a two-headed ogre
 10252 | D:12     | Killed a two-headed ogre
 10644 | D:13     | Received a gift from Okawaru
 10674 | D:13     | Noticed Sonja
 10685 | Abyss:2  | Cast into level 2 of the Abyss (Sonja)
 10795 | Abyss:2  | Reached XP level 13. HP: 106/124 MP: 16/16
 10876 | Abyss:2  | Noticed a bone dragon
 10896 | Abyss:2  | Killed a bone dragon
 11104 | Abyss:2  | Noticed a tentacled starspawn
 11111 | Abyss:2  | Killed a tentacled starspawn
 11114 | D:13     | Escaped the Abyss
 11116 | D:13     | Killed Sonja
 11116 | D:13     | Identified the +12 long sword "Xom's Entertainment"
                  | {freeze, rF+++ rC- MP+9 Dex+4} (Okawaru gifted it to you on
                  | level 13 of the Dungeon)
 11116 | D:13     | Received a gift from Okawaru
 11251 | D:13     | Found a gate to the Vaults.
 11782 | D:13     | Reached skill level 15 in Fighting
 12073 | D:14     | Received a gift from Okawaru
 12099 | D:14     | Reached skill level 15 in Axes
 12215 | D:14     | Found a transporter.
 12217 | D:14     | Found a transporter.
 12219 | D:14     | Found a transporter.
 12330 | D:14     | Found a transporter.
 12504 | D:14     | Identified the +9 hand axe "Nyhitam" {vorpal, Fly rElec
                  | Int-3 Dex+5} (Okawaru gifted it to you on level 14 of the
                  | Dungeon)
 12504 | D:14     | Received a gift from Okawaru
 12826 | D:15     | Entered Level 15 of the Dungeon
 12851 | D:15     | Reached XP level 14. HP: 135/135 MP: 18/18
 12971 | D:15     | Reached skill level 10 in Dodging
 13102 | D:15     | Paralysed by an ogre mage for 4 turns
 13178 | D:15     | Found a shimmering altar of Xom.
 13282 | D:15     | Found a basalt altar of Yredelemnul.
 13315 | D:15     | Found Uned's Antique Armour Shoppe.
 13323 | D:15     | Bought a pair of steaming gloves for 171 gold pieces
 13323 | D:15     | Identified the +2 pair of gloves of the Poles {Dex+3} (You
                  | bought it in a shop on level 15 of the Dungeon)
 13384 | D:15     | Found a staircase to the Depths.
 13386 | D:15     | Noticed an emperor scorpion
 13409 | D:15     | Killed an emperor scorpion
 13507 | D:15     | Identified the +0 quick blade of Supply {freeze, *Noise
                  | rCorr SInv} (Okawaru gifted it to you on level 15 of the
                  | Dungeon)
 13507 | D:15     | Received a gift from Okawaru
 13677 | Lair:1   | Entered Level 1 of the Lair of Beasts
 13715 | Lair:1   | Found a shimmering altar of Xom.
 13735 | Lair:1   | Noticed Urug
 13748 | Lair:1   | Killed Urug
 14729 | Lair:2   | Found a staircase to the Swamp.
 14734 | Lair:2   | Received a gift from Okawaru
 14839 | Lair:2   | Found a staircase to the Snake Pit.
 15782 | Lair:3   | Reached XP level 15. HP: 145/145 MP: 20/20
 16872 | Lair:5   | Entered Level 5 of the Lair of Beasts
 16912 | Lair:5   | Identified the +2 pair of boots "Iblury" {rPois MP+9 Str+5
                  | Dex-4} (Okawaru gifted it to you on level 5 of the Lair of
                  | Beasts)
 16912 | Lair:5   | Received a gift from Okawaru
 16979 | Lair:5   | Found a staircase to the Slime Pits.
 17686 | Lair:5   | Found a burning altar of Makhleb.
 17727 | Lair:5   | Found a gateway to Hell.
 17735 | Lair:5   | Identified the +6 spear "Kueleigg" {venom, rPois rC- rCorr
                  | Dex+7}
 17989 | Orc:1    | Entered Level 1 of the Orcish Mines
 18490 | Orc:2    | Entered Level 2 of the Orcish Mines
 18777 | Orc:2    | Noticed Nessos
 18782 | Orc:2    | Killed Nessos
 18856 | Orc:2    | Found a staircase to the Elven Halls.
 18980 | Orc:2    | Found Miama's Weapon Emporium.
 19001 | Orc:2    | Found Qut Xuefatuu's Jewellery Shop.
 19058 | Orc:2    | Found Jedoc's General Store.
 19061 | Orc:2    | Found Ucwuxuib's Antique Weapon Shop.
 19092 | Orc:2    | Bought a scroll of acquirement for 884 gold pieces
 19092 | Orc:2    | Bought a scroll of enchant weapon for 127 gold pieces
 19092 | Orc:2    | Bought a potion of curing for 51 gold pieces
 19092 | Orc:2    | Acquired 924 gold pieces
 19106 | Orc:2    | Bought a glowing broad axe for 182 gold pieces
 19340 | Orc:1    | Noticed Fannar
 19347 | Orc:1    | Killed Fannar
 19495 | Swamp:1  | Entered Level 1 of the Swamp
 19625 | Swamp:1  | Identified the +1 scale mail of Okawaru's Indignation {Fly
                  | Int-4 Dex+6} (Okawaru gifted it to you on level 1 of the
                  | Swamp)
 19625 | Swamp:1  | Received a gift from Okawaru
 19655 | Swamp:1  | Got Kikubaaqudgha's Teachings on Mortification
 19917 | Swamp:1  | Reached XP level 16. HP: 157/157 MP: 21/21
 20294 | Swamp:2  | Noticed Louise
 20294 | Swamp:2  | Noticed a thorn hunter
 20304 | Swamp:2  | Killed a thorn hunter
 20406 | Abyss:3  | Cast into level 3 of the Abyss (Louise)
 20625 | Abyss:3  | Noticed a tentacled starspawn
 20632 | Abyss:3  | Killed a tentacled starspawn
 20655 | Swamp:2  | Escaped the Abyss
 20667 | Swamp:2  | Killed Louise
 21156 | Swamp:3  | Received a gift from Okawaru
 21215 | Swamp:3  | Identified the +3 war axe "Ifinweja" {elec, rC+ rCorr}
 21265 | Swamp:3  | Noticed a thorn hunter
 21275 | Arena    | Entered the Arena
 21309 | Swamp:3  | Killed a thorn hunter
 21708 | Swamp:4  | Entered Level 4 of the Swamp
 21717 | Swamp:4  | Noticed a thorn hunter
 21820 | Swamp:4  | Killed a thorn hunter
 21821 | Swamp:4  | Reached skill level 10 in Invocations
 21830 | Swamp:4  | Received a gift from Okawaru
 21955 | Swamp:3  | Upgraded the game from 0.30-a0-457-g4b7bca3bfa to
                  | 0.30-a0-458-g86641cc369
 22596 | Swamp:4  | Noticed the 27-headed Lernaean hydra
 22609 | Swamp:4  | Killed the 22-headed Lernaean hydra
 22610 | Swamp:4  | Reached XP level 17. HP: 43/166 MP: 23/23
 22611 | Swamp:4  | Identified the +2 robe of the Desolation of Salt {+Blink
                  | rN+ Int-4} (Okawaru gifted it to you on level 4 of the
                  | Swamp)
 22611 | Swamp:4  | Received a gift from Okawaru
 23251 | Swamp:4  | Got a decaying rune of Zot
 23383 | Snake:1  | Entered Level 1 of the Snake Pit
 23477 | Snake:1  | Found Doefaox's Magic Scroll Shoppe.
 23477 | Snake:1  | Found Enine's Antique Armour Emporium.
 23490 | Snake:1  | Found Naywes's Magic Scroll Emporium.
 23517 | Snake:1  | Bought a scroll of enchant armour for 112 gold pieces
 23517 | Snake:1  | Bought a scroll of enchant weapon for 112 gold pieces
 23518 | Snake:1  | Found Mops's Distillery.
 23521 | Snake:1  | Bought a polished ring mail for 252 gold pieces
 23521 | Snake:1  | Identified the +0 ring mail of Love and Death {rPois Dex+3}
                  | (You bought it in a shop on level 1 of the Snake Pit)
 23528 | Snake:1  | Bought a scroll of acquirement for 624 gold pieces
 23528 | Snake:1  | Acquired the amulet "Reidootz" {Reflect *Slow Will+ rCorr
                  | Dex+4 SH+5}
 23698 | Snake:1  | Found a blossoming altar of Fedhas.
 24423 | Snake:2  | Identified the +7 chain mail "Kejaleet" {rF- rN+ Dex+4}
                  | (Okawaru gifted it to you on level 2 of the Snake Pit)
 24423 | Snake:2  | Received a gift from Okawaru
 24536 | Snake:2  | Noticed Donald
 24550 | Arena    | Entered the Arena
 24555 | Arena    | Killed Donald
 25046 | Snake:3  | Found a hide-covered altar of Uskayaw.
 25057 | Snake:3  | Identified the ring "Yfob" {rF+ Int+6 Slay+4}
 25221 | Snake:3  | Identified the +0 pair of boots "Foehyud" {Will+ MP-9
                  | Stlth+}
 25261 | Snake:3  | Noticed Bai Suzhen
 25262 | Snake:3  | Noticed Aizul
 25274 | Snake:3  | Killed Bai Suzhen
 25278 | Snake:3  | Killed Aizul
 25279 | Snake:3  | Reached XP level 18. HP: 104/179 MP: 25/25
 25493 | Snake:4  | Entered Level 4 of the Snake Pit
 25519 | Snake:4  | Identified the +1 ring mail of Estegep {Will+ Dex+3}
                  | (Okawaru gifted it to you on level 4 of the Snake Pit)
 25519 | Snake:4  | Received a gift from Okawaru
 25525 | Snake:4  | Reached skill level 15 in Shields
 25541 | Snake:4  | Reached skill level 15 in Armour
 25547 | Snake:4  | Reached skill level 1 in Evocations
 25552 | Snake:4  | Reached skill level 1 in Stealth
 26080 | Snake:4  | Noticed Mara
 26084 | Arena    | Entered the Arena
 26088 | Arena    | Killed Mara
 26176 | Snake:4  | Received a gift from Okawaru
 26703 | Snake:4  | Got a serpentine rune of Zot
 26905 | Vaults:1 | Entered Level 1 of the Vaults
 28028 | Vaults:2 | Found a staircase to the Crypt.
 28029 | Vaults:2 | Noticed Mennas
 28032 | Vaults:2 | Received a gift from Okawaru
 28297 | Vaults:1 | Reached XP level 19. HP: 133/177 MP: 26/26
 28484 | Vaults:2 | Killed Mennas
 28552 | Vaults:2 | Noticed Frederick
 28568 | Vaults:2 | Killed Frederick
 28979 | Vaults:2 | Identified the +2 kite shield of the Moneychanger {Harm rF+
                  | Str+4 Dex-3} (Okawaru gifted it to you on level 2 of the
                  | Vaults)
 28979 | Vaults:2 | Received a gift from Okawaru
 29670 | Vaults:3 | Found Coaloopi's Weapon Emporium.
 29727 | Arena    | Entered the Arena
 29734 | Arena    | HP: 5/190 [orc warlord/+2 war axe (25)]
 30199 | Vaults:3 | Got Umniher's Vellum of the Amassed Stinger
 31283 | Vaults:4 | Found Qesa's Armour Shop.
 31482 | Vaults:4 | Received a gift from Okawaru
 31616 | Vaults:4 | Reached XP level 20. HP: 170/195 MP: 28/28
 31706 | Vaults:4 | Found Wafrofeu's Antique Weapon Boutique.
 31894 | Vaults:4 | Found Hotu's General Store.
 31900 | Vaults:4 | Bought a potion of curing for 45 gold pieces
 32046 | Vaults:4 | Found Emneu's Weapon Emporium.
 32080 | Vaults:4 | Found Inoyxiyn's Jewellery Boutique.
 32148 | Vaults:4 | Identified the +1 scale mail of Liut {rElec} (Okawaru
                  | gifted it to you on level 4 of the Vaults)
 32148 | Vaults:4 | Received a gift from Okawaru
 32154 | Vaults:4 | Reached skill level 5 in Evocations
 32268 | Vaults:5 | Entered Level 5 of the Vaults
 32269 | Vaults:5 | Noticed a golden dragon
 32288 | Vaults:5 | Reached skill level 5 in Stealth
 32292 | Vaults:5 | Killed a golden dragon
 32888 | Vaults:5 | Identified the +4 executioner's axe "Hellblazer" {vorpal,
                  | rElec rPois Str+3 Dex-2} (Okawaru gifted it to you on level
                  | 5 of the Vaults)
 32888 | Vaults:5 | Received a gift from Okawaru
 33215 | Vaults:5 | Reached skill level 15 in Dodging
 33447 | Vaults:5 | Received a gift from Okawaru
 33619 | Vaults:5 | Got a silver rune of Zot
 33646 | Vaults:5 | Noticed a golden dragon
 33661 | Vaults:5 | Killed a golden dragon
 33678 | Vaults:5 | Identified the +7 great sword of Kismet {speed, Str+5
                  | Int+2}
 33683 | Vaults:5 | Reached XP level 21. HP: 143/200 MP: 29/29
 33750 | Vaults:5 | Noticed a dread lich
 33752 | Vaults:5 | Paralysed by a dread lich for 4 turns
 33758 | Arena    | Entered the Arena
 33800 | Vaults:5 | Killed a dread lich
 34046 | Vaults:5 | Acquired 1024 gold pieces
 34143 | Vaults:5 | Identified the ring "Erodgh" {Drain rC+ Will+ Str+4}
 34191 | Vaults:5 | Identified the +0 chain mail of Cavebacheu {rElec rF- MP+9}
 34380 | Vaults:5 | Identified the +1 pair of gloves of Quff {rC+ Str+5}
                  | (Okawaru gifted it to you on level 5 of the Vaults)
 34380 | Vaults:5 | Received a gift from Okawaru
 34824 | Vaults:5 | Identified the +1 chain mail of the Nine of Wands {rPois}
 34827 | Vaults:5 | Identified the ring of Raqit {rElec rF- rN+ rCorr Dex+6}
 34998 | Vaults:5 | Noticed a dread lich
 35011 | Vaults:5 | Killed a dread lich
 35012 | Vaults:5 | Reached skill level 1 in Throwing
 35621 | Depths:1 | Entered Level 1 of the Depths
 35801 | Depths:1 | Found a one-way gate leading to the halls of Pandemonium.
 35837 | Depths:1 | Found an iron altar of Okawaru.
 35917 | Depths:1 | Acquired 566 gold pieces
 36206 | Depths:1 | Found a one-way gate to the infinite horrors of the Abyss.
 36372 | Depths:1 | Found the +3 salamander hide armour {Flames rF++ rC--}
 36427 | Depths:1 | Found an ornate altar of the Wu Jian Council.
 36726 | Depths:2 | Identified the +0 ring mail "Vogiap" {rC+ Regen+ Int+2}
                  | (Okawaru gifted it to you on level 2 of the Depths)
 36726 | Depths:2 | Received a gift from Okawaru
 36735 | Depths:2 | Identified the ring of Ikkeng {Ice Dex+4}
 36735 | Depths:2 | Noticed Josephina
 36955 | Depths:2 | Found Niggiel's Weapon Shop.
 36976 | Depths:2 | Paralysed by a floating eye for 3 turns
 37000 | Depths:2 | Noticed Asterion
 37001 | Depths:2 | Noticed Saint Roka
 37008 | Depths:2 | Killed Asterion
 37037 | Depths:2 | Killed Saint Roka
 37248 | Depths:2 | Found Yrchuem's General Store.
 37258 | Depths:2 | Bought a potion of curing for 33 gold pieces
 37258 | Depths:2 | Bought a scroll of fear for 44 gold pieces
 37332 | Depths:2 | Killed Josephina
 37829 | Depths:2 | Reached XP level 22. HP: 178/222 MP: 31/31
 38244 | Depths:2 | Got Eruopn's Parchment of Chilled Gusts
 38516 | Depths:2 | Noticed a golden dragon
 38528 | Depths:2 | Killed a golden dragon
 38546 | Arena    | Entered the Arena
 38575 | Depths:2 | Slain by a titan

Illustrated notes

Levels and vault maps discovered:
D:1:      minmay_arrival_wavy_path, layout_basic,
          dreamdust_ecumenical_altar_angels_and_demons, kennysheep_flooded_box
D:2:      layout_rooms, dk_vineyard_3, minivault_26
D:3:      layout_basic, uniq_robin, uniq_ijyb
D:4:      layout_rooms, mainiacjoe_overflow_alcove_4,
          minmay_fractal_squares_gapless_5, uniq_crazy_yiuf_cottage
D:5:      layout_layer_cave
D:6:      layout_basic, minmay_liquid_box, grunt_ministairs_8,
          minmay_starry_boxes
D:7:      minmay_flawed_box, layout_basic, minmay_temple_entry_slanted,
          minivault_24
D:8:      layout_basic, enter_bailey_6, serial_shops,
          nicolae_inconvenience_store, minmay_small_thing, uniq_prince_ribbit1
D:9:      layout_gridville, lightli_temple_of_fire, zin_academy, st_stairs_7,
          uniq_grum
D:10:     layout_loops_cross, nicolae_trove_entry_path_of_doom,
          eino_small_chamber_without_monster, uniq_harold
D:11:     layout_layer_cave, dpeg_lair_monsters, hellmonk_ghost_happy_afterlife,
          makhleb_altar_promises_db
D:12:     layout_basic, zombieorc2_lemuel, uniq_azrael
D:13:     layout_irregular_city, david_vaults_4, hangedman_incinerator,
          uniq_sonja
D:14:     layout_loops_ring, nrook_pool_corridor, nicolae_diode_quadrants
D:15:     hangedman_depths_entry_try_elsewhere_first, layout_rooms,
          serial_shops, nicolae_shop_crystal, yredelemnul_altar_generic,
          minmay_misc_feat_iff, xom_confusion_cloud
Temple:   hellmonk_temple_of_storms
Lair:1:   layout_cave_pods, basic_altar, grunt_megastairs_2, uniq_urug
Lair:2:   layout_roguey, skrybe_swamp_entry_bodies,
          minmay_snake_entry_guardpost_small
Lair:3:   layout_hall_layers
Lair:4:   layout_cave_pods
Lair:5:   evil_forest, layout_regular_city, nicolae_slime_entry_slimehenge,
          grunt_megastairs_1
Swamp:1:  layout_falls_marsh, serial_swamp_ruin, evilmike_swamp_ruin_house_1,
          evilmike_swamp_ruin_wall, infiniplex_staircase_pool
Swamp:2:  layout_basic_swamp, evilmike_swamp_ruin_house_3, uniq_louise
Swamp:3:  layout_basic_swamp, nicolae_swamp_stair_fork
Swamp:4:  swamp_old_school, layout_basic_swamp
Snake:1:  layout_concentric_octagons, basic_altar, minmay_shoptagon
Snake:2:  layout_rooms, nicolae_snake_snakewalk, uniq_donald
Snake:3:  layout_rooms, basic_altar, lemuel_fruit_tree, grunt_megastairs_4,
          uniq_bai_suzhen, uniq_aizul
Snake:4:  snake_pit, layout_cave_town, uniq_mara
Orc:1:    giant_chief_lemuel, layout_diamond_mine, uniq_fannar
Orc:2:    st_orc_town, layout_diamond_mine, uniq_nessos
Vaults:1: v_misc_3, hangedman_vaults_nails, ontoclasm_vaults_ring_small,
          nicolae_vaults_mini_display_case, ontoclasm_vaults_twist,
          ontoclasm_vaults_ligature, layout_vaults_omnigrid
Vaults:2: v_misc_27, hangedman_vaults_stagger, minmay_crypt_entry_simple_sparse,
          v_misc_3, hangedman_vaults_unwind, vaults_room_hallway,
          nicolae_vaults_border_crossing, ontoclasm_vaults_decontamination,
          nicolae_vaults_little_squares_1, nicolae_vaults_little_squares_2,
          grunt_vaults_diagonal, layout_vaults_chaotic_city, uniq_mennas,
          uniq_frederick
Vaults:3: v_misc_9, hangedman_vaults_stretched_pinwheel, v_misc_19,
          nicolae_vaults_shelves_hall, v_misc_2, nicolae_vaults_know_your_exits,
          v_alt_pattern_3, v_alt_pattern_6, vaults_room_door_hall,
          vaults_room_door_ring, nicolae_vaults_specimen_jars,
          layout_vaults_omnibox, serial_shops, shop_coins
Vaults:4: v_misc_17, v_rooms_6, nicolae_vaults_alarming,
          ontoclasm_vaults_misaligned, nicolae_vaults_windows_and_doors_thing,
          nicolae_vaults_angled_halls, ontoclasm_vaults_shuriken,
          nicolae_vaults_rhombus_6, vaults_dpeg_diagonal,
          vaults_room_stairs_pillars, nicolae_vaults_bisected_slash,
          nicolae_vaults_asterisk, layout_vaults_omnicross, serial_shops, shop,
          nicolae_lakefront_shop, shop, nicolae_shop_statue_plus,
          nicolae_shop_hallway_plus
Vaults:5
Depths:1: layout_gridlike, nzn_wu_jian_contemplation, rand_demon_pan_entry_5,
          hell_entry, abyss_entry_crystal, okawaru_trees_2
Depths:2: gammafunk_depths_water_palace, layout_cave_pools,
          grunt_hell_entry_dis_grunt, serial_shops, shop,
          hangedman_decor_peaks_small, rand_demon_pan_entry_4,
          corexii_hall_statues_l, nicolae_stop_n_shop_2, eino_tiny_chamber,
          uniq_josephina, uniq_asterion, uniq_saint_roka

Skill      XL: |  1  2  3  4  5  6  7  8  9 10 11 12 13 14 15 16 17 18 19 20 21 |
---------------+----------------------------------------------------------------+-----
Fighting       | 4 5 6 8 10 11 12 14 15 16 18 19 20 21 22 23 | 23.8
Axes           | 3 4 5 6 7 9 10 12 13 15 16 17 19 20 21 22 23 | 23.5
Dodging        | 1 2 3 4 6 7 9 10 11 12 13 14 15 | 15.7
Armour         | 4 5 6 7 8 9 10 11 12 13 14 15 16 17 | 17.3
Shields        | 4 5 6 7 8 9 10 11 12 13 14 15 16 17 | 17.5
Invocations    | 3 4 5 7 8 9 10 11 12 13 | 13.6
Evocations     | 3 4 6 7 |  7.4
Stealth        | 2 4 6 7 |  7.2
Throwing       | 3 |  3.5

Action                   |  1- 3 |  4- 6 |  7- 9 | 10-12 | 13-15 | 16-18 | 19-21 | 22-24 || total
-------------------------+-------+-------+-------+-------+-------+-------+-------+-------++-------
Melee: War axe           |    62 |   148 |   230 |   296 |       |       |       |       ||   736
       Headbutt          |    10 |    19 |    32 |    74 |   182 |   209 |   233 |    16 ||   775
       Broad axe         |       |       |       |   160 |   769 |   818 |   916 |    75 ||  2738
       Scimitar          |       |       |       |       |    38 |    71 |       |       ||   109
Throw: Dart              |       |       |     1 |     4 |       |       |    13 |       ||    18
       Throwing net      |       |       |       |       |       |     1 |       |       ||     1
Invok: Heroism           |       |       |     3 |     4 |     3 |     8 |     7 |       ||    25
       Finesse           |       |       |       |       |       |     3 |     6 |       ||     9
       Duel              |       |       |       |       |       |     3 |     2 |     1 ||     6
Evoke: Wand              |       |       |       |     1 |     1 |     9 |     1 |       ||    12
  Use: Potion            |       |     2 |     5 |       |     2 |     7 |     8 |       ||    24
       Scroll            |       |       |    20 |    10 |     5 |     6 |    14 |       ||    55
 Stab: Distracted        |       |       |       |     1 |       |       |       |     1 ||     2
       Petrified         |       |       |       |       |     4 |       |       |       ||     4
       Sleeping          |       |       |       |       |     1 |     1 |       |       ||     2
       Confused          |       |       |       |       |       |     1 |       |       ||     1
Armor: Scale mail        |    26 |    35 |       |       |       |       |       |       ||    61
       Ring mail         |       |    16 |    89 |   153 |   330 |   341 |       |       ||   929
       Storm dragon scal |       |       |       |       |       |     3 |   172 |       ||   175
       Gold dragon scale |       |       |       |       |       |       |   184 |    48 ||   232
Dodge: Dodged            |    28 |    88 |   122 |   217 |   473 |   451 |   259 |    27 ||  1665
       Repelled          |       |       |       |       |     4 |    31 |     7 |     1 ||    43
Block: Buckler           |    21 |    27 |    63 |   132 |   249 |    29 |       |       ||   521
       Tower shield      |       |       |       |       |       |   894 |   987 |   112 ||  1993
       Reflection        |       |       |       |       |       |    64 |    63 |     2 ||   129

Table legend: (Time is in decaauts)
 A = Elapsed time spent in this place.
 B = Non-inter-level travel time spent in this place.
 C = Inter-level travel time spent in this place.
 D = Time resting spent in this place.
 E = Time spent auto-exploring this place.
 F = Levels seen in this place.
 G = Mean time per level.
                   A        B        C        D        E       F      G
               +--------+--------+--------+--------+--------+-----+--------+
         Total |  38549 |  36429 |   2120 |   3310 |  25694 |  47 |  820.2 |
       Dungeon |  13155 |  12356 |    799 |     95 |   9736 |  15 |  877.0 |
        Temple |     57 |     34 |     23 |      0 |     18 |   1 |   57.0 |
          Lair |   4311 |   3993 |    318 |     68 |   3265 |   5 |  862.2 |
         Swamp |   3815 |   3577 |    238 |    409 |   2469 |   4 |  953.8 |
     Snake Pit |   3328 |   3089 |    239 |    322 |   1987 |   4 |  832.0 |
  Orcish Mines |   1414 |   1302 |    112 |      0 |   1058 |   2 |  707.0 |
        Vaults |   8470 |   8178 |    292 |   1654 |   5197 |   5 | 1694.0 |
        Depths |   2904 |   2807 |     97 |    602 |   1681 |   2 | 1452.0 |
         Abyss |    650 |    650 |      0 |     84 |    152 |   2 |  325.0 |
        Bailey |    308 |    308 |      0 |     18 |    129 |   1 |  308.0 |
         Arena |    132 |    132 |      0 |     56 |      0 |   6 |   22.0 |
               +--------+--------+--------+--------+--------+-----+--------+

Top non-repeatable levels by time:
Vaults:5: 2245 daAuts
Vaults:4: 1991 daAuts
Depths:2: 1613 daAuts
 Swamp:4: 1532 daAuts
Vaults:1: 1497 daAuts
    D:11: 1463 daAuts
Vaults:2: 1384 daAuts
Vaults:3: 1351 daAuts
Depths:1: 1290 daAuts
  Lair:1: 1105 daAuts
     D:8: 1072 daAuts
     D:5: 1043 daAuts
    D:13: 984 daAuts
 Snake:4: 984 daAuts
  Lair:5: 984 daAuts
